 Dungeon Crawl Stone Soup version 0.16-a0-3724-gf14d081 (webtiles) character file.

84 SkaryMonk the Slasher (level 4, -10/55 HPs)
             Began as a Demigod Wanderer on Jan 21, 2015.
             Killed from afar by Grinder (19 damage)
             ... with an exploding inner flame
             ... hexed by the player character
             ... on level 3 of the Dungeon.
             The game lasted 00:07:15 (2668 turns).

SkaryMonk the Slasher (Demigod Wanderer)            Turns: 2668, Time: 00:07:15

Health: -10/55     AC: 22    Str: 18    XL:     4   Next: 4%
Magic:  7/7        EV:  2    Int: 16    God:
Gold:   74         SH:  0    Dex: 19    Spells: 0 memorised, 3 levels left

rFire  . . .     SeeInvis .     d - +0 falchion
rCold  . . .     Clarity  .     e - melded +0 robe
rNeg   + + +     SustAb   +     (no shield)
rPois  +         Gourm    .     (helmet currently unavailable)
rElec  .         Spirit   .     (cloak currently unavailable)
rCorr  .         Warding  .     (gloves currently unavailable)
rMut   .         NoTele   +     t - melded +0 pair of boots
MR     .....                    (no amulet)
Stlth  ++++......               (no ring)
                                (no ring)

@: agile, tree-form (expiring), not resistant to hostile enchantments, stealthy
A: sustain abilities
a: no special abilities


You were on level 3 of the Dungeon.
You were hungry.
You were a tree.
You visited 1 branch of the dungeon, and saw 3 of its levels.

You collected 74 gold pieces.

Notes
Turn   | Place    | Note
--------------------------------------------------------------
     0 | D:1      | SkaryMonk, the Demigod Wanderer, began the quest for the Orb.
     0 | D:1      | SkaryMonk set off with: a +2 dagger, a scroll of fear, a +0 quarterstaff, a +0 falchion, a +0 robe, a bread ration
     0 | D:1      | Reached XP level 1. HP: 18/18 MP: 2/2
   557 | D:1      | Reached XP level 2. HP: 20/25 MP: 3/3
  1382 | D:2      | Reached XP level 3. HP: 21/30 MP: 5/5
  1484 | D:2      | Reached skill level 3 in Long Blades
  2473 | D:3      | Found a sparkling altar of Nemelex Xobeh.
  2575 | D:3      | Noticed Jessica
  2598 | D:3      | Killed Jessica
  2598 | D:3      | Reached XP level 4. HP: 35/37 MP: 7/7
  2611 | D:3      | Noticed Grinder
  2629 | D:3      | Paralysed by Grinder for 6 turns
  2643 | D:3      | HP: 1/37 [Grinder/nerve-wracking pain (10)]
  2668 | D:3      | Killed Grinder
  2668 | D:3      | Killed from afar by Grinder

Inventory:

Hand weapons
 a - a +2 dagger
 c - a +0 quarterstaff
 d - a +0 falchion (weapon)
Armour
 e - a +0 robe (melded)
 h - a cursed +0 scale mail
 t - a +0 pair of boots (melded)
Magical devices
 s - a wand of slowing (14)
Scrolls
 b - a scroll of magic mapping
Potions
 o - a potion of cure mutation {unknown}
 q - a potion of ambrosia {unknown}
Comestibles
 f - 4 bread rations
 l - 3 fruits
 m - 4 meat rations
 n - a beef jerky
 v - 6 chunks of flesh

Table legend:
 A = Turns spent in this place as a percentage of turns spent in the entire game.
 B = Non-inter-level travel turns spent in this place as a percentage of non-inter-level travel turns spent in the entire game.
 C = Inter-level travel turns spent in this place as a percentage of turns spent in this place.
 D = Turns resting spent in this place as a percentage of non-inter-level travel turns spent in this place.
 E = Turns spent auto-exploring this place as a percentage of non-inter-level travel turns spent in this place.
 F = Non-inter-level travel turns spent in this place divided by the number of levels of this place that you've seen.
                   A       B       C       D       E      F
               +-------+-------+-------+-------+-------+----------------------
         Total | 100.0 | 100.0 |   1.1 |   6.0 |   8.5 | 212.7
       Dungeon | 100.0 | 100.0 |   1.1 |   6.0 |   8.5 | 212.7
               +-------+-------+-------+-------+-------+----------------------


   Skills:
 - Level 2.6 Fighting
 + Level 3.8 Long Blades
   Level 1.0 Axes
 - Level 1.0 Throwing
 - Level 2.6 Stealth
   Level 1.0 Shields


You had 3 spell levels left.
You didn't know any spells.

Dungeon Overview and Level Annotations

Branches:
Dungeon (3/15)


Innate Abilities, Weirdness & Mutations

Your attributes are resistant to harm.


Message History

You feel a strange sense of stasis.
It was a scroll of teleportation.
Grinder grins, showing sharp teeth.
You hit Grinder but do no damage.
Grinder is severely wounded.
Grinder gestures.
Grinder blinks!
Your transformation is almost over.
You barely miss Grinder.
Grinder is severely wounded.
Grinder hits you but does no damage.
You slash Grinder!
Grinder is almost dead.
Grinder gestures at you.
You are unaffected.
You hit Grinder but do no damage.
Grinder is almost dead.
You slash Grinder!
Grinder explodes!
The fiery explosion engulfs you!
You die...

#...#......# #....#.#.##.#
#..<.....# ##.......# ###..####
##⌠.⌠## # # #.._..##### #######.#
. #.⌠.⌠...... #.§§..#.#######...
#...##..... #♣###.#...........
#####.###.....§§§###.............
#.....# .....#####.......?......
#.##### .... #......#.##.### #.#
### #.###..#.##.# #.# #
#.....##.# #.# #.##..)####.# #.#
#......####.#
#.################........#


There were no monsters in sight!

Table legend:
 A = Kills in this place as a percentage of kills in entire the game.
 B = Kills by you in this place as a percentage of kills by you in the entire game.
 C = Kills by friends in this place as a percentage of kills by friends in the entire game.
 D = Other kills in this place as a percentage of other kills in the entire game.
 E = Experience gained in this place as a percentage of experience gained in the entire game.
 F = Experience gained in this place divided by the number of levels of this place that you have seen.
                   A       B       C       D       E      F
               +-------+-------+-------+-------+-------+----------------------
         Total | 100.0 | 100.0 |  -nan |  -nan | 100.0 |  40.3
       Dungeon | 100.0 | 100.0 |  -nan |  -nan | 100.0 |  40.3
               +-------+-------+-------+-------+-------+----------------------

Vanquished Creatures
  Jessica (D:3)
  An adder (D:2)
  3 giant geckos
  2 orcs (D:2)
  2 giant cockroaches (D:1)
  8 goblins
  3 hobgoblins (D:2)
  11 kobolds
  2 quokkas (D:2)
  2 ball pythons (D:1)
  5 bats
  A giant newt (D:1)
  5 jackals (D:2)
  5 rats
51 creatures vanquished.

Action                   |  1- 3 |  4- 6 || total
-------------------------+-------+-------++-------
Melee: Falchion          |   139 |    16 ||   155
Evoke: Wand              |       |     1 ||     1
  Use: Scroll            |     4 |     5 ||     9
       Potion            |       |     5 ||     5
 Stab: Sleeping          |     6 |       ||     6
  Eat: Chunk             |     5 |       ||     5

Vault maps used:
D:1:      scummos_arrival_hexagon
D:2:      interstate_on_off, grunt_ministairs_14
D:3:      kennysheep_the_goblin_king, makhleb_heckhound_becter,
          nemelex_xobeh_ov_fountains_minmay, uniq_jessica, uniq_grinder
